 Dungeon Crawl Stone Soup version 0.30-a0-630-g881e3bac89 (webtiles) character file.

Game seed: 11494416079219443411

9 M4edhros the Sneak (level 2, -3/21 HPs)
             Began as an Octopode Delver on Jan 13, 2023.
             Slain by a black bear (4 damage)
             ... on level 6 of the Dungeon.
             The game lasted 00:00:43 (136 turns).

M4edhros the Sneak (Octopode Delver)                 Turns: 136, Time: 00:00:44

Health: -3/21      AC:  1    Str: 11    XL:     2   Next: 12%
Magic:  2/2        EV: 13    Int: 12    God:
Gold:   0          SH:  0    Dex: 13    Spells: 1/1 levels left

rFire   . . .      SeeInvis .      - Unarmed
rCold   . . .      Faith    .    (no shield)
rNeg    . . .      Spirit   .    (helmet restricted)
rPois   .          Reflect  .    (no amulet)
rElec   .          Harm     .    (no ring)
rCorr   .          Rampage  .    (no ring)
Will    .....                    (no ring)
Stlth   ++++                     (no ring)
HPRegen 0.23/turn                (no ring)
MPRegen 0.08/turn                (no ring)
                                 (no ring)
                                 (no ring)

@: hasted (expiring), very quick
A: almost no armour, amphibious, 8 rings, camouflage 1, gelatinous body 1,
(nimble swimmer 1), tentacles
a: no special abilities


You were on level 6 of the Dungeon.
You visited 1 branch of the dungeon, and saw 4 of its levels.

Inventory:

Wands
 e - a wand of digging (3)
Scrolls
 a - a scroll of fog
 b - a scroll of magic mapping
 c - a scroll of fear
 f - 2 scrolls of identify {unknown}
 g - a scroll of teleportation {unknown}


   Skills:
 + Level 3.2 Fighting
 + Level 2.2 Dodging
 + Level 6.8 Stealth
 - Level 2.0 Unarmed Combat


You had one spell level left.
You didn't know any spells.
Your spell library was empty.

Dungeon Overview and Level Annotations

Branches:
Dungeon (6/15)
 Temple: D:4-7

Altars:
Sif Muna
Trog

Annotations:
D:5 Blork the orc


Innate Abilities, Weirdness & Mutations

You cannot wear most types of armour.
You are amphibious.
You can wear up to eight rings at the same time.
Your skin changes colour to match your surroundings (Stealth+).
Your rubbery body absorbs attacks. (AC +1, EV +1)
((You are camouflaged when in or above water. (Stealth+)))
You have tentacles for arms and can constrict up to eight enemies at once.


Message History

You feel yourself speed up. The adder bites you.
You are poisoned.
The adder poisons you! Blork the orc misses you.
Okay, then.
You feel sick.
You feel sick.
You feel sick.
You feel sick.
You tentacle-slap the adder but do no damage.
Your grab misses the adder.
You squeeze the adder, but do no damage.
You feel sick.
You are no longer poisoned.
The adder bites you.
* * * LOW HITPOINT WARNING * * *
You hear the slow hiss of a distant avalanche of sand.
There is a stone staircase leading down here.
You climb downwards.
Found a scroll labelled PACVEL JOIPI.
There is a stone staircase leading up here.
Found a stone staircase leading down.
Found 6 stones and a spear.
You see here a scroll labelled PACVEL JOIPI.
f - 2 scrolls labelled PACVEL JOIPI (gained 1)
A black bear comes into view.
A white imp comes into view.
Found a bloodstained altar of Trog.
A black bear comes into view.
Found a stone staircase leading up.
Found 3 stones.
Your extra speed is starting to run out.
The black bear growls angrily. x2; You hear an angry hiss.
An adder comes into view.
The white imp shouts, "Escape, thou rank fat-kidneyed fleecer!"
The white imp hits you.
* * * LOW HITPOINT WARNING * * *
The white imp freezes you.
* * * LOW HITPOINT WARNING * * *
The black bear bites you.
You die...

###### ##....##
#(.....## #.....<.#..
#...5.....#
##############..@......#
................hPPP....
.....)...........h_.....
......n............P....
.....##########....S....
.......### ###.......
.........# ..##..#
..........# .## ##
.........##


You could see 2 black bears, an adder and a white imp.

Vanquished Creatures
  A shadow imp (D:5)
  A hobgoblin (D:5)
2 creatures vanquished.

Notes
Turn   | Place    | Note
-------+----------+-------------------------------------------
     0 | D:5      | M4edhros the Octopode Delver began the quest for the Orb.
     0 | D:5      | Reached XP level 1. HP: 16/16 MP: 1/1
    25 | D:5      | Reached XP level 2. HP: 12/21 MP: 2/2
    39 | D:5      | Found a shimmering blue altar of Sif Muna.
    61 | D:4      | Noticed a scorpion
    90 | D:5      | Noticed Blork the orc
   100 | D:5      | HP: 1/21 [adder (3)]
   113 | D:6      | Noticed a necrophage
   130 | D:6      | Noticed a black bear
   131 | D:6      | Found a bloodstained altar of Trog.
   132 | D:6      | Noticed a black bear
   136 | D:6      | HP: 1/21 [white imp (4)]
   136 | D:6      | Slain by a black bear

Illustrated notes

Levels and vault maps discovered:
D:3:      layout_basic, lemuel_round_altar, gup_sewer_entry_bowl, hex_large
D:4:      nicolae_cairo_tiling, layout_basic, okawaru_metal_pillars_3,
          solitary_fountain, hangedman_decor_slide_cut,
          hangedman_minor_gate_pass
D:5:      layout_loops_ring, nicolae_elyvilon_temple_path,
          nicolae_overflow_hidden_temple, nicolae_ossuary_entry_giza,
          uniq_blork_the_orc, uniq_menkaure
D:6:      layout_cave_pods, trog_ov_bears_minmay

Action                   || total
-------------------------++-------
Melee: Unarmed           ||    12
       Tentacles         ||     3
       Constrict         ||     2
  Use: Potion            ||     1
 Stab: Sleeping          ||     1
Dodge: Dodged            ||     8

Table legend: (Time is in decaauts)
 A = Elapsed time spent in this place.
 B = Non-inter-level travel time spent in this place.
 C = Inter-level travel time spent in this place.
 D = Time resting spent in this place.
 E = Time spent auto-exploring this place.
 F = Levels seen in this place.
 G = Mean time per level.
                   A        B        C        D        E       F      G
               +--------+--------+--------+--------+--------+-----+--------+
         Total |    121 |    121 |      0 |      0 |     13 |   4 |   30.2 |
       Dungeon |    121 |    121 |      0 |      0 |     13 |   4 |   30.2 |
               +--------+--------+--------+--------+--------+-----+--------+

Top non-repeatable levels by time:
     D:5: 97 daAuts
     D:6: 14 daAuts
     D:4: 8 daAuts
     D:3: 1 daAuts
